Blue Jackets vs Sharks
Created - February 9, 2023 at 21:53
Goals
|
| Blue Jackets |
1 |
1 |
1 |
3 |
| Sharks |
1 |
2 |
2 |
5 |
|
Shots
|
| Blue Jackets |
13 |
11 |
6 |
30 |
| Sharks |
12 |
16 |
8 |
36 |
|
1st period
1. Sharks , Boone Jenner 9 (Ronalds Kenins 19, Karl Alzner 7) at 12:19
2. Blue Jackets , Jason Zucker 11 (Mike Richards 12, Phil Kessel 21) at 17:31 (PP)
Penalties :
Ben Chiarot (Clb) for Tripping (Minor) at 7:25, Karl Alzner (S.J) for Hooking (Minor) at 15:34, Travis Hamonic (Clb) for Tripping (Minor) at 18:53
2nd period
3. Sharks , Joe Pavelski 8 (Zach Parise 7, Drew Doughty 29) at 0:08 (PP)
4. Blue Jackets , Rickard Rakell 7 (Mikko Rantanen 9, Sean Monahan 13) at 1:11
5. Sharks , Brandon Dubinsky 20 (Karl Alzner 8, Philipp Grubauer) at 3:46 (SH)
Penalties :
Daniel Carcillo (S.J) for Holding (Minor) at 2:47, Oscar Sundqvist (S.J) for Tripping (Minor) at 9:17, Colton Parayko (Clb) for Hooking (Minor) at 13:06, Dion Phaneuf (S.J) for Roughing (Minor) at 18:38
3rd period
6. Blue Jackets , Bryce Lampman 1 (Phil Kessel 22, Mike Richards 13) at 5:57 (PP)
7. Sharks , Boone Jenner 10 (Wayne Simmonds 11, Ronalds Kenins 20) at 8:04
8. Sharks , Joe Pavelski 9 (Tyler Cuma 13, Drew Doughty 30) at 11:00
Penalties :
Daniel Carcillo (S.J) for Tripping (Minor) at 4:16, Sean Monahan (Clb) for Tripping (Minor) at 9:43, Zach Parise (S.J) for High sticking (Double Minor) at 10:50
Goalie Stats
Michal Neuvirth (Clb), 31 saves from 36 shots - (0.861), L, 13-16-2, 60:00 minutes
Philipp Grubauer (S.J), 27 saves from 30 shots - (0.900), W, 13-14-5, 60:00 minutes
Players Stats for Blue Jackets
Player Name G A P +/- PIM S H SB GA TA FO MP PP MP PK MP
------------------------------------------------------------------------------------
Ben Chiarot 0 0 0 0 2 1 1 1 0 0 0/0 9:26 0:00 0:00
Bryce Lampman 1 0 1 -1 0 1 0 1 1 0 0/0 19:40 3:55 2:28
Colton Parayko 0 0 0 -2 2 2 1 1 0 2 0/0 29:38 8:47 2:42
Fabian Brunnstrom 0 0 0 0 0 0 0 0 0 0 0/0 3:49 1:06 0:58
Jake McCabe 0 0 0 -1 0 1 1 0 1 0 0/0 19:29 3:55 2:22
Jason Zucker 1 0 1 -1 0 4 2 0 1 0 0/1 18:43 4:53 1:42
Mike Richards 0 2 2 -1 0 0 3 0 0 0 5/11 17:05 4:53 0:10
Mikko Rantanen 0 1 1 1 0 1 0 1 0 0 1/1 11:10 0:00 0:00
Nicklas Backstrom 0 0 0 -3 0 1 2 0 0 1 23/43 27:19 6:58 3:33
Phil Kessel 0 2 2 -1 0 1 0 0 0 0 1/1 16:29 4:53 0:00
Rickard Rakell 1 0 1 1 0 5 2 0 0 0 0/0 11:59 0:59 0:00
Riley Sheahan 0 0 0 -2 0 4 1 0 2 0 0/0 21:13 6:53 1:42
Sean Monahan 0 1 1 1 2 1 1 0 0 0 3/6 12:46 0:41 0:55
Shea Theodore 0 0 0 0 0 0 0 3 0 1 0/0 12:01 0:00 2:02
Teuvo Teravainen 0 0 0 -3 0 4 1 0 2 1 1/3 23:21 6:50 3:40
Travis Hamonic 0 0 0 -2 2 4 3 3 1 0 0/0 30:18 8:47 3:06
William Karlsson 0 0 0 0 0 0 1 0 0 0 1/3 4:09 0:00 0:00
Zac Rinaldo 0 0 0 0 0 0 0 0 1 0 0/0 4:09 0:00 0:00
Players Stats for Sharks
Player Name G A P +/- PIM S H SB GA TA FO MP PP MP PK MP
------------------------------------------------------------------------------------
Boone Jenner 2 0 2 2 0 3 2 1 1 0 8/13 15:13 2:22 0:46
Brandon Dubinsky 1 0 1 0 0 4 2 0 1 0 14/22 24:51 3:45 7:17
Brendan Gaunce 0 0 0 0 0 1 1 0 0 0 1/1 4:35 0:00 0:00
Conor Sheary 0 0 0 0 0 1 2 1 0 0 0/0 10:30 0:13 0:00
Daniel Carcillo 0 0 0 0 4 2 1 0 0 1 0/0 11:35 0:13 1:02
Dion Phaneuf 0 0 0 1 2 2 3 0 0 1 0/0 20:16 3:02 4:29
Drew Doughty 0 2 2 2 0 2 0 0 1 3 0/0 29:51 3:18 7:30
Gustav Nyquist 0 0 0 1 0 1 1 0 0 0 0/0 4:09 0:00 0:06
Joe Pavelski 2 0 2 0 0 4 0 0 0 1 7/16 24:53 3:45 7:17
Karl Alzner 0 2 2 1 2 1 0 0 0 0 0/0 20:02 3:02 4:47
Loui Eriksson 0 0 0 1 0 2 0 0 0 0 0/1 7:06 0:13 1:29
MacKenzie Weegar 0 0 0 0 0 1 0 0 0 1 0/0 10:49 0:00 1:08
Markus Nutivaara 0 0 0 0 0 1 0 0 0 0 0/0 9:41 0:00 0:00
Oscar Sundqvist 0 0 0 0 2 1 0 0 0 0 2/10 9:02 0:00 0:00
Ronalds Kenins 0 2 2 2 0 3 0 0 1 0 0/1 14:19 2:22 0:00
Tyler Cuma 0 1 1 2 0 2 1 2 0 0 0/0 29:51 3:18 7:30
Wayne Simmonds 0 1 1 2 0 0 0 0 0 0 0/0 19:21 2:22 4:20
Zach Parise 0 1 1 -1 4 5 2 2 1 2 2/5 20:16 3:44 3:07
3 Stars
1 - Boone Jenner (S.J)
2 - Joe Pavelski (S.J)
3 - Ronalds Kenins (S.J)
Power Play
Blue Jackets - 2 on 7 Attempt(s) - 28.57%
Sharks - 1 on 4 Attempt(s) - 25.00%
Penalty Kill
Blue Jackets - 3 on 4 Attempt(s) - 75.00%
- Score 0 goal in Penalty Kill
Sharks - 5 on 7 Attempt(s) - 71.43%
- Score 1 goal in Penalty Kill
Team Stat
Blue Jackets - Hits : 19 - Faceoff Wins : 35 - Blocked Shots : 10 - Penalty Minutes : 8
Sharks - Hits : 15 - Faceoff Wins : 34 - Blocked Shots : 6 - Penalty Minutes : 14
Official
Referees : Tom Chmielewski and Chris Lee
Linesman : Bryan Pancich and Tyson Baker
Game Notes
No Game Note
Finance
Level 1 -- Attendance: 6000 (100.00%) -- Ticket Income $600,000
Level 2 -- Attendance: 4422 (88.44%) -- Ticket Income $265,320
Level 3 -- Attendance: 1782 (89.10%) -- Ticket Income $62,370
Level 4 -- Attendance: 3714 (92.85%) -- Ticket Income $92,850
Luxury Box -- Attendance: 918 (91.80%) -- Ticket Income $183,600
Game was played at the SAP Center.
Total Attendance: 16836 (93.53%)
Total Ticket Income: $1,204,140
Other Income: $180,621
Total Income: $1,384,761
Blue Jackets
5 vs 5 Forward
Center Left Wing Right Wing Time % Phy DF OF
1 Nicklas Backstrom Teuvo Teravainen Riley Sheahan 40 1 2 2
2 Mike Richards Jason Zucker Phil Kessel 30 1 2 2
3 Sean Monahan Rickard Rakell Mikko Rantanen 20 1 2 2
4 William Karlsson Zac Rinaldo Nicklas Backstrom 10 1 2 2
5 vs 5 Defense
Defense Defense Time % Phy DF OF
1 Colton Parayko Travis Hamonic 40 1 2 2
2 Bryce Lampman Jake McCabe 30 1 2 2
3 Ben Chiarot Shea Theodore 20 1 2 2
4 Colton Parayko Travis Hamonic 10 1 2 2
PowerPlay Forward
Center Left Wing Right Wing Time % Phy DF OF
1 Nicklas Backstrom Teuvo Teravainen Riley Sheahan 60 1 2 2
2 Mike Richards Jason Zucker Phil Kessel 40 1 2 2
PowerPlay Defense
Defense Defense Time % Phy DF OF
1 Colton Parayko Travis Hamonic 60 1 2 2
2 Bryce Lampman Jake McCabe 40 1 2 2
Penalty Kill 4 Players Forward
Center Wing Time % Phy DF OF
1 Nicklas Backstrom Teuvo Teravainen 60 1 2 2
2 Riley Sheahan Jason Zucker 40 1 2 2
Penalty Kill 4 Players Defense
Defense Defense Time % Phy DF OF
1 Colton Parayko Travis Hamonic 60 1 2 2
2 Bryce Lampman Jake McCabe 40 1 2 2
Penalty Kill - 3 Players Forward
Forward Time % Phy DF OF
1 Nicklas Backstrom 60 1 2 2
2 Teuvo Teravainen 40 1 2 2
Penalty Kill - 3 Players Defense
Defense Defense Time % Phy DF OF
1 Colton Parayko Travis Hamonic 60 1 2 2
2 Bryce Lampman Jake McCabe 40 1 2 2
4 vs 4 Forward
Center Wing Time % Phy DF OF
1 Nicklas Backstrom Teuvo Teravainen 60 1 2 2
2 Riley Sheahan Jason Zucker 40 1 2 2
4 vs 4 Defense
Defense Defense Time % Phy DF OF
1 Colton Parayko Travis Hamonic 60 1 2 2
2 Bryce Lampman Jake McCabe 40 1 2 2
Last Minutes Offensive
Center Left Wing Right Wing Defense Defense
Nicklas Backstrom Teuvo Teravainen Riley Sheahan Colton Parayko Travis Hamonic
Last Minutes Defensive
Center Left Wing Right Wing Defense Defense
Nicklas Backstrom Teuvo Teravainen Riley Sheahan Colton Parayko Travis Hamonic
Goaltenders
Starting : Michal Neuvirth
Backup : Cam Talbot
Extra Forwards
Normal : Fabian Brunnstrom, Rickard Rakell, Sean Monahan - PP : Fabian Brunnstrom, Rickard Rakell - PK : Sean Monahan
Extra Defensemen
Normal : Ben Chiarot, Shea Theodore, Bryce Lampman - PP : Ben Chiarot - PK : Shea Theodore, Bryce Lampman
Penalty Shots
Nicklas Backstrom, Teuvo Teravainen, Riley Sheahan, Jason Zucker, Mike Richards
Scratches
Vince Hinostroza (Healthy)
Sharks
5 vs 5 Forward
Center Left Wing Right Wing Time % Phy DF OF
1 Brandon Dubinsky Zach Parise Joe Pavelski 40 1 2 2
2 Boone Jenner Ronalds Kenins Wayne Simmonds 30 1 2 2
3 Oscar Sundqvist Daniel Carcillo Conor Sheary 20 1 2 2
4 Brendan Gaunce Gustav Nyquist Loui Eriksson 10 1 2 2
5 vs 5 Defense
Defense Defense Time % Phy DF OF
1 Drew Doughty Tyler Cuma 40 1 2 2
2 Dion Phaneuf Karl Alzner 30 1 2 2
3 Markus Nutivaara MacKenzie Weegar 20 1 2 2
4 Drew Doughty Tyler Cuma 10 1 2 2
PowerPlay Forward
Center Left Wing Right Wing Time % Phy DF OF
1 Brandon Dubinsky Zach Parise Joe Pavelski 60 1 2 2
2 Boone Jenner Ronalds Kenins Wayne Simmonds 40 1 2 2
PowerPlay Defense
Defense Defense Time % Phy DF OF
1 Drew Doughty Tyler Cuma 60 1 2 2
2 Dion Phaneuf Karl Alzner 40 1 2 2
Penalty Kill 4 Players Forward
Center Wing Time % Phy DF OF
1 Joe Pavelski Brandon Dubinsky 60 1 2 2
2 Zach Parise Wayne Simmonds 40 1 2 2
Penalty Kill 4 Players Defense
Defense Defense Time % Phy DF OF
1 Drew Doughty Tyler Cuma 60 1 2 2
2 Dion Phaneuf Karl Alzner 40 1 2 2
Penalty Kill - 3 Players Forward
Forward Time % Phy DF OF
1 Joe Pavelski 60 1 2 2
2 Brandon Dubinsky 40 1 2 2
Penalty Kill - 3 Players Defense
Defense Defense Time % Phy DF OF
1 Drew Doughty Tyler Cuma 60 1 2 2
2 Dion Phaneuf Karl Alzner 40 1 2 2
4 vs 4 Forward
Center Wing Time % Phy DF OF
1 Joe Pavelski Brandon Dubinsky 60 1 2 2
2 Zach Parise Wayne Simmonds 40 1 2 2
4 vs 4 Defense
Defense Defense Time % Phy DF OF
1 Drew Doughty Tyler Cuma 60 1 2 2
2 Dion Phaneuf Karl Alzner 40 1 2 2
Last Minutes Offensive
Center Left Wing Right Wing Defense Defense
Brandon Dubinsky Zach Parise Joe Pavelski Drew Doughty Tyler Cuma
Last Minutes Defensive
Center Left Wing Right Wing Defense Defense
Brandon Dubinsky Zach Parise Joe Pavelski Drew Doughty Tyler Cuma
Goaltenders
Starting : Philipp Grubauer
Backup : Malcolm Subban
Extra Forwards
Normal : Daniel Carcillo, Conor Sheary, Loui Eriksson - PP : Daniel Carcillo, Conor Sheary - PK : Loui Eriksson
Extra Defensemen
Normal : Markus Nutivaara, MacKenzie Weegar, Dion Phaneuf - PP : Markus Nutivaara - PK : MacKenzie Weegar, Dion Phaneuf
Penalty Shots
Joe Pavelski, Brandon Dubinsky, Zach Parise, Wayne Simmonds, Ronalds Kenins
Scratches
Arturs Kulda (Healthy), Marek Svatos (Suspend), Mike Lundin (Broken Ribs Injury)
% Time on Ice - Blue Jackets
Lines # - Real PCT - Wanted PCT - Time Play
Normal Forward
1 - 30% - 40% - 12:12
2 - 36% - 30% - 14:15
3 - 24% - 20% - 9:30
4 - 10% - 10% - 4:09
Normal Defense
1 - 42% - 40% - 16:58
2 - 33% - 30% - 13:05
3 - 23% - 20% - 9:20
4 - 2% - 10% - 0:43
PP Forward
1 - 62% - 60% - 7:49
2 - 38% - 40% - 4:53
PP Defense
1 - 69% - 60% - 8:47
2 - 31% - 40% - 3:55
PK Forward
1 - 73% - 60% - 4:38
2 - 27% - 40% - 1:42
PK Defense
1 - 63% - 60% - 3:58
2 - 37% - 40% - 2:22
PK3 Forward
1 - 0% - 60%
2 - 0% - 40%
PK3 Defense
1 - 0% - 60%
2 - 0% - 40%
44 Forward
1 - 100% - 60% - 0:52
2 - 0% - 40% - 0:00
44 Defense
1 - 87% - 60% - 0:45
2 - 13% - 40% - 0:07
Last Minute Offensive - 0:00
Last Minute Defensive - 0:00
Total
Forward - 60:00
Defense - 60:00
|
% Time on Ice - Sharks
Lines # - Real PCT - Wanted PCT - Time Play
Normal Forward
1 - 34% - 40% - 13:40
2 - 34% - 30% - 13:49
3 - 22% - 20% - 8:41
4 - 10% - 10% - 3:56
Normal Defense
1 - 42% - 40% - 17:02
2 - 31% - 30% - 12:14
3 - 24% - 20% - 9:41
4 - 3% - 10% - 1:09
PP Forward
1 - 63% - 60% - 3:58
2 - 37% - 40% - 2:22
PP Defense
1 - 52% - 60% - 3:18
2 - 48% - 40% - 3:02
PK Forward
1 - 66% - 60% - 8:22
2 - 34% - 40% - 4:20
PK Defense
1 - 59% - 60% - 7:30
2 - 41% - 40% - 5:12
PK3 Forward
1 - 0% - 60%
2 - 0% - 40%
PK3 Defense
1 - 0% - 60%
2 - 0% - 40%
44 Forward
1 - 88% - 60% - 0:46
2 - 12% - 40% - 0:06
44 Defense
1 - 100% - 60% - 0:52
2 - 0% - 40% - 0:00
Last Minute Offensive - 0:00
Last Minute Defensive - 0:00
Total
Forward - 60:00
Defense - 60:00
|
Play-by-Play
1st period
0:01 of 1st period - Brandon Dubinsky wins face-off versus Nicklas Backstrom in neutral zone.
0:03 of 1st period - Off-side.
0:04 of 1st period - Brandon Dubinsky wins face-off versus Nicklas Backstrom in neutral zone.
0:09 of 1st period - Snap shot by Brandon Dubinsky.
0:09 of 1st period - Shot Misses the Net.
0:36 of 1st period - Off-side.
0:37 of 1st period - Mike Richards wins face-off versus Boone Jenner in neutral zone.
0:53 of 1st period - Snap shot by Wayne Simmonds.
0:53 of 1st period - Deflect By Ronalds Kenins.
0:53 of 1st period - Shot Misses the Net.
0:53 of 1st period - Puck is out of play.
0:54 of 1st period - Sean Monahan wins face-off versus Oscar Sundqvist in Blue Jackets zone.
1:21 of 1st period - MacKenzie Weegar is hit by Ben Chiarot and loses puck.
1:42 of 1st period - Wrist shot by Phil Kessel.
1:42 of 1st period - Stopped by Philipp Grubauer with a rebound.
1:44 of 1st period - Slapshot by Ben Chiarot.
1:44 of 1st period - Shot Blocked by Tyler Cuma.
1:48 of 1st period - Snap shot by Jason Zucker.
1:48 of 1st period - Stopped by Philipp Grubauer without a rebound.
1:49 of 1st period - Boone Jenner wins face-off versus Nicklas Backstrom in Sharks zone.
2:42 of 1st period - Off-side.
2:43 of 1st period - Sean Monahan wins face-off versus Oscar Sundqvist in neutral zone.
2:56 of 1st period - Snap shot by Rickard Rakell.
2:56 of 1st period - Shot Hit the Post.
2:58 of 1st period - Slapshot by Rickard Rakell.
2:58 of 1st period - Stopped by Philipp Grubauer without a rebound.
2:59 of 1st period - Joe Pavelski wins face-off versus Nicklas Backstrom in Sharks zone.
4:04 of 1st period - Snap shot by Rickard Rakell.
4:04 of 1st period - Stopped by Philipp Grubauer with a rebound.
4:26 of 1st period - Wrist shot by Brandon Dubinsky.
4:26 of 1st period - Stopped by Michal Neuvirth with a rebound.
4:38 of 1st period - Nicklas Backstrom is hit by Brendan Gaunce and loses puck.
4:49 of 1st period - Slapshot by Gustav Nyquist.
4:49 of 1st period - Stopped by Michal Neuvirth with a rebound.
5:03 of 1st period - Wrist shot by Phil Kessel.
5:03 of 1st period - Shot Misses the Net.
5:05 of 1st period - Backhand shot by Shea Theodore.
5:05 of 1st period - Shot Misses the Net.
5:07 of 1st period - Snap shot by Ben Chiarot.
5:07 of 1st period - Stopped by Philipp Grubauer without a rebound.
5:08 of 1st period - Boone Jenner wins face-off versus Mike Richards in Sharks zone.
5:27 of 1st period - Tyler Cuma is hit by Travis Hamonic and loses puck.
6:00 of 1st period - Off-side.
6:01 of 1st period - Nicklas Backstrom wins face-off versus Oscar Sundqvist in neutral zone.
6:04 of 1st period - Wrist shot by Nicklas Backstrom.
6:04 of 1st period - Deflect By Teuvo Teravainen.
6:04 of 1st period - Stopped by Philipp Grubauer with a rebound.
6:10 of 1st period - Slapshot by Daniel Carcillo.
6:10 of 1st period - Shot Blocked by Bryce Lampman.
6:12 of 1st period - Wrist shot by Karl Alzner.
6:12 of 1st period - Deflect By Conor Sheary.
6:12 of 1st period - Shot Misses the Net.
6:12 of 1st period - Puck is out of play.
6:13 of 1st period - Brandon Dubinsky wins face-off versus Mike Richards in Blue Jackets zone.
6:14 of 1st period - Wrist shot by Zach Parise.
6:14 of 1st period - Shot Misses the Net.
6:24 of 1st period - Slapshot by Zach Parise.
6:24 of 1st period - Stopped by Michal Neuvirth with a rebound.
6:32 of 1st period - Travis Hamonic is hit by Dion Phaneuf and loses puck.
7:25 of 1st period - Minor Penalty to Ben Chiarot for Tripping.
7:26 of 1st period - Nicklas Backstrom wins face-off versus Brandon Dubinsky in Blue Jackets zone.
7:31 of 1st period - Drew Doughty is hit by Nicklas Backstrom and loses puck.
9:15 of 1st period - Riley Sheahan is hit by Conor Sheary and loses puck.
9:22 of 1st period - Dion Phaneuf is hit by Jason Zucker and loses puck.
9:25 of 1st period - Penalty to Ben Chiarot is over, Ben Chiarot is back on ice.
9:27 of 1st period - Snap shot by Jason Zucker.
9:27 of 1st period - Stopped by Philipp Grubauer with a rebound.
9:29 of 1st period - Slapshot by Colton Parayko.
9:29 of 1st period - Deflect By Karl Alzner.
9:29 of 1st period - Stopped by Philipp Grubauer with a rebound.
9:31 of 1st period - Wrist shot by Riley Sheahan.
9:31 of 1st period - Stopped by Philipp Grubauer without a rebound.
9:32 of 1st period - Brendan Gaunce wins face-off versus William Karlsson in Sharks zone.
9:57 of 1st period - Ben Chiarot is hit by Daniel Carcillo and loses puck.
10:10 of 1st period - Snap shot by Mikko Rantanen.
10:10 of 1st period - Stopped by Philipp Grubauer with a rebound.
10:24 of 1st period - Snap shot by Joe Pavelski.
10:24 of 1st period - Deflect By Jason Zucker.
10:24 of 1st period - Shot Misses the Net.
10:24 of 1st period - Puck is out of play.
10:25 of 1st period - Brandon Dubinsky wins face-off versus Nicklas Backstrom in Blue Jackets zone.
10:28 of 1st period - Wrist shot by Brandon Dubinsky.
10:28 of 1st period - Shot Misses the Net.
10:46 of 1st period - Snap shot by Zach Parise.
10:46 of 1st period - Shot Misses the Net.
10:52 of 1st period - Mike Richards is hit by Brandon Dubinsky and loses puck.
11:41 of 1st period - Wrist shot by Loui Eriksson.
11:41 of 1st period - Deflect By Nicklas Backstrom.
11:41 of 1st period - Stopped by Michal Neuvirth without a rebound.
11:42 of 1st period - Nicklas Backstrom wins face-off versus Boone Jenner in Blue Jackets zone.
11:51 of 1st period - Slapshot by Dion Phaneuf.
11:51 of 1st period - Stopped by Michal Neuvirth without a rebound.
11:52 of 1st period - Boone Jenner wins face-off versus Nicklas Backstrom in Blue Jackets zone.
12:17 of 1st period - Snap shot by Ronalds Kenins.
12:17 of 1st period - Stopped by Michal Neuvirth with a rebound.
12:19 of 1st period - Wrist shot by Boone Jenner.
12:19 of 1st period - Goal by Boone Jenner - Blue Jackets : 0 - Sharks : 1.
12:20 of 1st period - Nicklas Backstrom wins face-off versus Zach Parise in neutral zone.
12:25 of 1st period - Wrist shot by Nicklas Backstrom.
12:25 of 1st period - Stopped by Philipp Grubauer with a rebound.
12:27 of 1st period - Snap shot by Teuvo Teravainen.
12:27 of 1st period - Stopped by Philipp Grubauer without a rebound.
12:28 of 1st period - Nicklas Backstrom wins face-off versus Brandon Dubinsky in Sharks zone.
12:43 of 1st period - Slapshot by Drew Doughty.
12:43 of 1st period - Deflect By Zach Parise.
12:43 of 1st period - Stopped by Michal Neuvirth without a rebound.
12:44 of 1st period - Boone Jenner wins face-off versus Mike Richards in Blue Jackets zone.
12:56 of 1st period - Off-side.
12:57 of 1st period - Nicklas Backstrom wins face-off versus Brandon Dubinsky in neutral zone.
13:27 of 1st period - Brandon Dubinsky is hit by Travis Hamonic and loses puck.
13:40 of 1st period - Snap shot by Nicklas Backstrom.
13:40 of 1st period - Deflect By Teuvo Teravainen.
13:40 of 1st period - Shot Misses the Net.
13:40 of 1st period - Puck is out of play.
13:41 of 1st period - Boone Jenner wins face-off versus Mike Richards in Sharks zone.
14:29 of 1st period - Nicklas Backstrom is hit by Gustav Nyquist and loses puck.
14:34 of 1st period - Snap shot by Loui Eriksson.
14:34 of 1st period - Shot Blocked by Shea Theodore.
15:16 of 1st period - Nicklas Backstrom is hit by Zach Parise and loses puck.
15:21 of 1st period - Wrist shot by Brandon Dubinsky.
15:21 of 1st period - Stopped by Michal Neuvirth with a rebound.
15:23 of 1st period - Slapshot by Tyler Cuma.
15:23 of 1st period - Shot Blocked by Ben Chiarot.
15:25 of 1st period - Backhand shot by Tyler Cuma.
15:25 of 1st period - Stopped by Michal Neuvirth without a rebound.
15:26 of 1st period - Mike Richards wins face-off versus Oscar Sundqvist in Blue Jackets zone.
15:34 of 1st period - Minor Penalty to Karl Alzner for Hooking.
15:35 of 1st period - Nicklas Backstrom wins face-off versus Joe Pavelski in Sharks zone.
16:20 of 1st period - Off-side.
16:21 of 1st period - Zach Parise wins face-off versus Nicklas Backstrom in neutral zone.
16:24 of 1st period - Slapshot by Dion Phaneuf.
16:24 of 1st period - Stopped by Michal Neuvirth with a rebound.
17:00 of 1st period - Brandon Dubinsky is hit by Jason Zucker.
17:12 of 1st period - Tyler Cuma is hit by Mike Richards and loses puck.
17:31 of 1st period - Wrist shot by Mike Richards.
17:31 of 1st period - Deflect By Jason Zucker.
17:31 of 1st period - Goal by Jason Zucker - Blue Jackets : 1 - Sharks : 1.
17:32 of 1st period - Oscar Sundqvist wins face-off versus Nicklas Backstrom in neutral zone.
18:04 of 1st period - Snap shot by Brandon Dubinsky.
18:04 of 1st period - Shot Blocked by Shea Theodore.
18:06 of 1st period - Slapshot by Dion Phaneuf.
18:06 of 1st period - Shot Misses the Net.
18:17 of 1st period - Icing by Sean Monahan.
18:18 of 1st period - Boone Jenner wins face-off versus Sean Monahan in Blue Jackets zone.
18:25 of 1st period - Backhand shot by Ronalds Kenins.
18:25 of 1st period - Shot Misses the Net.
18:27 of 1st period - Snap shot by Drew Doughty.
18:27 of 1st period - Deflect By Ronalds Kenins.
18:27 of 1st period - Stopped by Michal Neuvirth with a rebound.
18:29 of 1st period - Slapshot by Drew Doughty.
18:29 of 1st period - Deflect By Boone Jenner.
18:29 of 1st period - Shot Blocked by Shea Theodore.
18:29 of 1st period - Puck is out of play.
18:30 of 1st period - Brandon Dubinsky wins face-off versus Nicklas Backstrom in Blue Jackets zone.
18:45 of 1st period - Wrist shot by Joe Pavelski.
18:45 of 1st period - Shot Misses the Net.
18:47 of 1st period - Snap shot by Tyler Cuma.
18:47 of 1st period - Shot Misses the Net.
18:53 of 1st period - Minor Penalty to Travis Hamonic for Tripping.
18:54 of 1st period - Nicklas Backstrom wins face-off versus Brandon Dubinsky in Blue Jackets zone.
Goals for this period are 1 for Blue Jackets vs 1 for Sharks.
Shots for this period are 13 for Blue Jackets vs 12 for Sharks.
2nd period
0:01 of 2nd period - Brandon Dubinsky wins face-off versus Teuvo Teravainen in neutral zone.
0:08 of 2nd period - Snap shot by Joe Pavelski.
0:08 of 2nd period - Goal by Joe Pavelski - Blue Jackets : 1 - Sharks : 2.
0:09 of 2nd period - Nicklas Backstrom wins face-off versus Brandon Dubinsky in neutral zone.
0:23 of 2nd period - Slapshot by Drew Doughty.
0:23 of 2nd period - Shot Blocked by Travis Hamonic.
0:25 of 2nd period - Slapshot by Drew Doughty.
0:25 of 2nd period - Deflect By Brandon Dubinsky.
0:25 of 2nd period - Stopped by Michal Neuvirth with a rebound.
0:35 of 2nd period - Travis Hamonic is hit by Boone Jenner and loses puck.
0:55 of 2nd period - Wrist shot by Daniel Carcillo.
0:55 of 2nd period - Shot Misses the Net.
0:57 of 2nd period - Slapshot by Tyler Cuma.
0:57 of 2nd period - Stopped by Michal Neuvirth without a rebound.
0:58 of 2nd period - Mikko Rantanen wins face-off versus Brandon Dubinsky in Blue Jackets zone.
1:07 of 2nd period - Slapshot by Sean Monahan.
1:07 of 2nd period - Shot Misses the Net.
1:09 of 2nd period - Snap shot by Mikko Rantanen.
1:09 of 2nd period - Shot Misses the Net.
1:11 of 2nd period - Slapshot by Rickard Rakell.
1:11 of 2nd period - Goal by Rickard Rakell - Blue Jackets : 2 - Sharks : 2.
1:12 of 2nd period - Brandon Dubinsky wins face-off versus Nicklas Backstrom in neutral zone.
1:17 of 2nd period - Snap shot by Zach Parise.
1:17 of 2nd period - Shot Misses the Net.
1:19 of 2nd period - Snap shot by Joe Pavelski.
1:19 of 2nd period - Stopped by Michal Neuvirth without a rebound.
1:20 of 2nd period - Brandon Dubinsky wins face-off versus Nicklas Backstrom in Blue Jackets zone.
2:16 of 2nd period - Off-side.
2:17 of 2nd period - Mike Richards wins face-off versus Boone Jenner in neutral zone.
2:20 of 2nd period - Ronalds Kenins is hit by Jake McCabe and loses puck.
2:47 of 2nd period - Minor Penalty to Daniel Carcillo for Holding.
2:48 of 2nd period - Nicklas Backstrom wins face-off versus Joe Pavelski in Sharks zone.
3:28 of 2nd period - Karl Alzner is hit by Travis Hamonic.
3:46 of 2nd period - Wrist shot by Brandon Dubinsky.
3:46 of 2nd period - Goal by Brandon Dubinsky - Blue Jackets : 2 - Sharks : 3.
3:47 of 2nd period - Nicklas Backstrom wins face-off versus Joe Pavelski in neutral zone.
4:02 of 2nd period - Backhand shot by Teuvo Teravainen.
4:02 of 2nd period - Stopped by Philipp Grubauer with a rebound.
4:04 of 2nd period - Snap shot by Nicklas Backstrom.
4:04 of 2nd period - Shot Misses the Net.
4:33 of 2nd period - Dion Phaneuf is hit by Riley Sheahan and loses puck.
4:47 of 2nd period - Penalty to Daniel Carcillo is over, Daniel Carcillo is back on ice.
4:49 of 2nd period - Off-side.
4:50 of 2nd period - Oscar Sundqvist wins face-off versus Sean Monahan in neutral zone.
5:22 of 2nd period - Wrist shot by Boone Jenner.
5:22 of 2nd period - Stopped by Michal Neuvirth with a rebound.
5:42 of 2nd period - Joe Pavelski is hit by Nicklas Backstrom and loses puck.
6:31 of 2nd period - Snap shot by Conor Sheary.
6:31 of 2nd period - Stopped by Michal Neuvirth with a rebound.
7:05 of 2nd period - Slapshot by Joe Pavelski.
7:05 of 2nd period - Stopped by Michal Neuvirth with a rebound.
7:21 of 2nd period - Oscar Sundqvist is hit by Rickard Rakell and loses puck.
7:53 of 2nd period - Phil Kessel is hit by Boone Jenner.
8:11 of 2nd period - Icing by Tyler Cuma.
8:12 of 2nd period - Brandon Dubinsky wins face-off versus William Karlsson in Sharks zone.
8:54 of 2nd period - Off-side.
8:55 of 2nd period - Mike Richards wins face-off versus Oscar Sundqvist in neutral zone.
9:07 of 2nd period - Wrist shot by Mike Richards.
9:07 of 2nd period - Shot Misses the Net.
9:17 of 2nd period - Minor Penalty to Oscar Sundqvist for Tripping.
9:18 of 2nd period - Nicklas Backstrom wins face-off versus Joe Pavelski in Sharks zone.
9:23 of 2nd period - Snap shot by Nicklas Backstrom.
9:23 of 2nd period - Deflect By Drew Doughty.
9:23 of 2nd period - Shot Misses the Net.
9:23 of 2nd period - Puck is out of play.
9:24 of 2nd period - Brandon Dubinsky wins face-off versus Nicklas Backstrom in Sharks zone.
10:18 of 2nd period - Off-side.
10:19 of 2nd period - Nicklas Backstrom wins face-off versus Loui Eriksson in neutral zone.
10:46 of 2nd period - Bryce Lampman is hit by Zach Parise and loses puck.
10:57 of 2nd period - Snap shot by Wayne Simmonds.
10:57 of 2nd period - Deflect By Zach Parise.
10:57 of 2nd period - Shot Misses the Net.
10:57 of 2nd period - Puck is out of play.
10:58 of 2nd period - Nicklas Backstrom wins face-off versus Joe Pavelski in Blue Jackets zone.
11:17 of 2nd period - Penalty to Oscar Sundqvist is over, Oscar Sundqvist is back on ice.
11:25 of 2nd period - Joe Pavelski is hit by Sean Monahan and loses puck.
12:29 of 2nd period - Snap shot by Conor Sheary.
12:29 of 2nd period - Shot Misses the Net.
13:04 of 2nd period - Snap shot by Brendan Gaunce.
13:04 of 2nd period - Stopped by Michal Neuvirth with a rebound.
13:06 of 2nd period - Minor Penalty to Colton Parayko for Hooking.
13:07 of 2nd period - Brandon Dubinsky wins face-off versus Teuvo Teravainen in Blue Jackets zone.
13:16 of 2nd period - Snap shot by Zach Parise.
13:16 of 2nd period - Stopped by Michal Neuvirth with a rebound.
13:20 of 2nd period - Slapshot by Drew Doughty.
13:20 of 2nd period - Deflect By Travis Hamonic.
13:20 of 2nd period - Stopped by Michal Neuvirth without a rebound.
13:21 of 2nd period - Brandon Dubinsky wins face-off versus Nicklas Backstrom in Blue Jackets zone.
13:36 of 2nd period - Slapshot by Drew Doughty.
13:36 of 2nd period - Deflect By Zach Parise.
13:36 of 2nd period - Shot Blocked by Travis Hamonic.
13:36 of 2nd period - Puck is out of play.
13:37 of 2nd period - Zach Parise wins face-off versus Nicklas Backstrom in Blue Jackets zone.
14:02 of 2nd period - Shea Theodore is hit by Dion Phaneuf and loses puck.
14:07 of 2nd period - Slapshot by Boone Jenner.
14:07 of 2nd period - Shot Misses the Net.
14:31 of 2nd period - Snap shot by Sean Monahan.
14:31 of 2nd period - Stopped by Philipp Grubauer with a rebound.
15:06 of 2nd period - Penalty to Colton Parayko is over, Colton Parayko is back on ice.
15:10 of 2nd period - Wrist shot by Riley Sheahan.
15:10 of 2nd period - Stopped by Philipp Grubauer with a rebound.
15:12 of 2nd period - Slapshot by Travis Hamonic.
15:12 of 2nd period - Stopped by Philipp Grubauer with a rebound.
15:14 of 2nd period - Slapshot by Travis Hamonic.
15:14 of 2nd period - Shot Misses the Net.
15:16 of 2nd period - Slapshot by Travis Hamonic.
15:16 of 2nd period - Stopped by Philipp Grubauer with a rebound.
15:18 of 2nd period - Backhand shot by Travis Hamonic.
15:18 of 2nd period - Stopped by Philipp Grubauer with a rebound.
15:20 of 2nd period - Wrist shot by Jason Zucker.
15:20 of 2nd period - Deflect By Riley Sheahan.
15:20 of 2nd period - Stopped by Philipp Grubauer with a rebound.
15:22 of 2nd period - Snap shot by Riley Sheahan.
15:22 of 2nd period - Shot Blocked by Conor Sheary.
15:44 of 2nd period - Wrist shot by Loui Eriksson.
15:44 of 2nd period - Stopped by Michal Neuvirth without a rebound.
15:45 of 2nd period - William Karlsson wins face-off versus Ronalds Kenins in Blue Jackets zone.
16:33 of 2nd period - Off-side.
16:34 of 2nd period - Sean Monahan wins face-off versus Oscar Sundqvist in neutral zone.
16:57 of 2nd period - Slapshot by Karl Alzner.
16:57 of 2nd period - Stopped by Michal Neuvirth with a rebound.
17:27 of 2nd period - Snap shot by Daniel Carcillo.
17:27 of 2nd period - Shot Misses the Net.
17:29 of 2nd period - Wrist shot by Daniel Carcillo.
17:29 of 2nd period - Stopped by Michal Neuvirth with a rebound.
17:35 of 2nd period - Wrist shot by Daniel Carcillo.
17:35 of 2nd period - Shot Blocked by Mikko Rantanen.
17:37 of 2nd period - Snap shot by Oscar Sundqvist.
17:37 of 2nd period - Stopped by Michal Neuvirth without a rebound.
17:38 of 2nd period - Nicklas Backstrom wins face-off versus Zach Parise in Blue Jackets zone.
17:38 of 2nd period - Nicklas Backstrom is hit by Dion Phaneuf.
17:52 of 2nd period - Slapshot by Zach Parise.
17:52 of 2nd period - Stopped by Michal Neuvirth without a rebound.
17:53 of 2nd period - Nicklas Backstrom wins face-off versus Boone Jenner in Blue Jackets zone.
18:20 of 2nd period - Zach Parise is hit by Mike Richards and loses puck.
18:27 of 2nd period - Wrist shot by Mike Richards.
18:27 of 2nd period - Shot Blocked by Zach Parise.
18:29 of 2nd period - Wrist shot by Jason Zucker.
18:29 of 2nd period - Shot Misses the Net.
18:31 of 2nd period - Slapshot by Jake McCabe.
18:31 of 2nd period - Stopped by Philipp Grubauer with a rebound.
18:33 of 2nd period - Wrist shot by Jason Zucker.
18:33 of 2nd period - Stopped by Philipp Grubauer without a rebound.
18:34 of 2nd period - Nicklas Backstrom wins face-off versus Boone Jenner in Sharks zone.
18:38 of 2nd period - Minor Penalty to Dion Phaneuf for Roughing.
18:39 of 2nd period - Joe Pavelski wins face-off versus Nicklas Backstrom in Sharks zone.
18:47 of 2nd period - Slapshot by Colton Parayko.
18:47 of 2nd period - Deflect By Brandon Dubinsky.
18:47 of 2nd period - Stopped by Philipp Grubauer without a rebound.
18:48 of 2nd period - Joe Pavelski wins face-off versus Nicklas Backstrom in Sharks zone.
19:07 of 2nd period - Slapshot by Travis Hamonic.
19:07 of 2nd period - Shot Blocked by Tyler Cuma.
19:55 of 2nd period - Wrist shot by Riley Sheahan.
19:55 of 2nd period - Shot Misses the Net.
Goals for this period are 1 for Blue Jackets vs 2 for Sharks.
Shots for this period are 11 for Blue Jackets vs 16 for Sharks.
3rd period
0:01 of 3rd period - Joe Pavelski wins face-off versus Nicklas Backstrom in neutral zone.
0:34 of 3rd period - Snap shot by Jason Zucker.
0:34 of 3rd period - Shot Misses the Net.
0:36 of 3rd period - Slapshot by Travis Hamonic.
0:36 of 3rd period - Shot Blocked by Zach Parise.
0:38 of 3rd period - Penalty to Dion Phaneuf is over, Dion Phaneuf is back on ice.
0:46 of 3rd period - Zach Parise is hit by William Karlsson and loses puck.
0:59 of 3rd period - Snap shot by Zach Parise.
0:59 of 3rd period - Shot Misses the Net.
1:09 of 3rd period - Snap shot by Zach Parise.
1:09 of 3rd period - Stopped by Michal Neuvirth without a rebound.
1:10 of 3rd period - Mike Richards wins face-off versus Oscar Sundqvist in Blue Jackets zone.
2:13 of 3rd period - Karl Alzner is hit by Mike Richards and loses puck.
2:32 of 3rd period - Snap shot by Daniel Carcillo.
2:32 of 3rd period - Stopped by Michal Neuvirth without a rebound.
2:33 of 3rd period - Phil Kessel wins face-off versus Oscar Sundqvist in Blue Jackets zone.
2:46 of 3rd period - Slapshot by Drew Doughty.
2:46 of 3rd period - Stopped by Michal Neuvirth with a rebound.
3:00 of 3rd period - Teuvo Teravainen is hit by Brandon Dubinsky.
3:06 of 3rd period - Slapshot by Teuvo Teravainen.
3:06 of 3rd period - Shot Misses the Net.
3:24 of 3rd period - Snap shot by Ronalds Kenins.
3:24 of 3rd period - Stopped by Michal Neuvirth without a rebound.
3:25 of 3rd period - Brandon Dubinsky wins face-off versus Jason Zucker in Blue Jackets zone.
4:01 of 3rd period - Slapshot by Bryce Lampman.
4:01 of 3rd period - Shot Blocked by Boone Jenner.
4:03 of 3rd period - Wrist shot by Riley Sheahan.
4:03 of 3rd period - Shot Misses the Net.
4:16 of 3rd period - Minor Penalty to Daniel Carcillo for Tripping.
4:17 of 3rd period - Nicklas Backstrom wins face-off versus Joe Pavelski in Sharks zone.
4:17 of 3rd period - Snap shot by Teuvo Teravainen.
4:17 of 3rd period - Stopped by Philipp Grubauer without a rebound.
4:18 of 3rd period - Nicklas Backstrom wins face-off versus Joe Pavelski in Sharks zone.
5:09 of 3rd period - Slapshot by Travis Hamonic.
5:09 of 3rd period - Stopped by Philipp Grubauer without a rebound.
5:10 of 3rd period - Nicklas Backstrom wins face-off versus Joe Pavelski in Sharks zone.
5:25 of 3rd period - Wrist shot by Riley Sheahan.
5:25 of 3rd period - Stopped by Philipp Grubauer without a rebound.
5:26 of 3rd period - Joe Pavelski wins face-off versus Nicklas Backstrom in Sharks zone.
5:57 of 3rd period - Slapshot by Bryce Lampman.
5:57 of 3rd period - Goal by Bryce Lampman - Blue Jackets : 3 - Sharks : 3.
5:58 of 3rd period - Nicklas Backstrom wins face-off versus Zach Parise in neutral zone.
6:09 of 3rd period - Wrist shot by Riley Sheahan.
6:09 of 3rd period - Shot Misses the Net.
6:11 of 3rd period - Slapshot by Travis Hamonic.
6:11 of 3rd period - Shot Misses the Net.
6:13 of 3rd period - Backhand shot by Riley Sheahan.
6:13 of 3rd period - Deflect By Teuvo Teravainen.
6:13 of 3rd period - Shot Misses the Net.
6:13 of 3rd period - Puck is out of play.
6:14 of 3rd period - Boone Jenner wins face-off versus Mike Richards in Sharks zone.
6:22 of 3rd period - Off-side.
6:23 of 3rd period - Boone Jenner wins face-off versus Mike Richards in neutral zone.
6:38 of 3rd period - Slapshot by Ronalds Kenins.
6:38 of 3rd period - Shot Misses the Net.
6:40 of 3rd period - Slapshot by Ronalds Kenins.
6:40 of 3rd period - Shot Misses the Net.
6:42 of 3rd period - Wrist shot by Ronalds Kenins.
6:42 of 3rd period - Shot Blocked by Travis Hamonic.
7:06 of 3rd period - Snap shot by Wayne Simmonds.
7:06 of 3rd period - Shot Misses the Net.
7:08 of 3rd period - Snap shot by Boone Jenner.
7:08 of 3rd period - Shot Blocked by Colton Parayko.
7:44 of 3rd period - Snap shot by Mike Richards.
7:44 of 3rd period - Shot Misses the Net.
8:02 of 3rd period - Snap shot by Wayne Simmonds.
8:02 of 3rd period - Shot Misses the Net.
8:04 of 3rd period - Slapshot by Boone Jenner.
8:04 of 3rd period - Goal by Boone Jenner - Blue Jackets : 3 - Sharks : 4.
8:05 of 3rd period - Teuvo Teravainen wins face-off versus Brandon Dubinsky in neutral zone.
8:55 of 3rd period - Nicklas Backstrom is hit by Conor Sheary and loses puck.
9:26 of 3rd period - Snap shot by Oscar Sundqvist.
9:26 of 3rd period - Shot Misses the Net.
9:28 of 3rd period - Slapshot by MacKenzie Weegar.
9:28 of 3rd period - Stopped by Michal Neuvirth with a rebound.
9:30 of 3rd period - Snap shot by Markus Nutivaara.
9:30 of 3rd period - Deflect By Nicklas Backstrom.
9:30 of 3rd period - Stopped by Michal Neuvirth without a rebound.
9:31 of 3rd period - Brandon Dubinsky wins face-off versus Sean Monahan in Blue Jackets zone.
9:43 of 3rd period - Minor Penalty to Sean Monahan for Tripping.
9:44 of 3rd period - Nicklas Backstrom wins face-off versus Brandon Dubinsky in Blue Jackets zone.
10:50 of 3rd period - Double Minor Penalty to Zach Parise for High sticking.
10:51 of 3rd period - Nicklas Backstrom wins face-off versus Joe Pavelski in Sharks zone.
11:00 of 3rd period - Slapshot by Joe Pavelski.
11:00 of 3rd period - Goal by Joe Pavelski - Blue Jackets : 3 - Sharks : 5.
11:01 of 3rd period - Joe Pavelski wins face-off versus Nicklas Backstrom in neutral zone.
11:18 of 3rd period - Slapshot by Brandon Dubinsky.
11:18 of 3rd period - Shot Misses the Net.
11:43 of 3rd period - Penalty to Sean Monahan is over, Sean Monahan is back on ice.
12:06 of 3rd period - Snap shot by Rickard Rakell.
12:06 of 3rd period - Stopped by Philipp Grubauer with a rebound.
12:23 of 3rd period - Slapshot by Rickard Rakell.
12:23 of 3rd period - Stopped by Philipp Grubauer without a rebound.
12:24 of 3rd period - Joe Pavelski wins face-off versus Nicklas Backstrom in Sharks zone.
13:49 of 3rd period - Boone Jenner is hit by Colton Parayko and loses puck.
14:18 of 3rd period - Riley Sheahan is hit by Tyler Cuma and loses puck.
14:50 of 3rd period - Penalty to Zach Parise is over, Zach Parise is back on ice.
16:28 of 3rd period - Boone Jenner is hit by Rickard Rakell and loses puck.
17:20 of 3rd period - Wayne Simmonds is hit by Teuvo Teravainen and loses puck.
Goals for this period are 1 for Blue Jackets vs 2 for Sharks.
Shots for this period are 6 for Blue Jackets vs 8 for Sharks.